 Dungeon Crawl Stone Soup version 0.28.0-43-g3370ac3207 (webtiles) character file.

Game seed: 10997961040919751770

39 Ablot the Grasshopper (level 3, 0/31 HPs)
             Began as a Gnoll Warper on Mar 6, 2022.
             Slain by an adder (1 damage)
             ... on level 2 of the Dungeon.
             The game lasted 00:01:58 (1487 turns).

Ablot the Grasshopper (Gnoll Warper)                Turns: 1487, Time: 00:01:59

Health: 0/31       AC:  4    Str: 12    XL:     3   Next: 45%
Magic:  6/9        EV: 13    Int: 12    God:
Gold:   65         SH:  0    Dex: 11    Spells: 10/12 levels left

rFire   . . .      SeeInvis .   a - +0 spear
rCold   . . .      Faith    .   (no shield)
rNeg    . . .      Spirit   .   h - +2 robe {Archmagi}
rPois   .          Reflect  .   (no helmet)
rElec   .          Harm     .   (no cloak)
rCorr   .          Rampage  .   (no gloves)
Will    .....      Archmagi +   (no boots)
Stlth   +.........              (no amulet)
HPRegen 0.10/turn               (no ring)
MPRegen 0.11/turn               (no ring)

@: no status effects
A: fangs 1, strong nose, distributed training
a: no special abilities


You were on level 2 of the Dungeon.
You visited 1 branch of the dungeon, and saw 3 of its levels.

You collected 65 gold pieces.

Inventory:

Hand Weapons
 a - a +0 spear (weapon)
Missiles
 d - 5 boomerangs of dispersal (quivered)
 e - 11 sling bullets
 g - 75 stones
Armour
 b - a +2 leather armour of positive energy
 h - a +2 robe of the Archmagi (worn)
Scrolls
 c - 2 scrolls of blinking
 j - a scroll of fear {unknown}
 l - a scroll of identify {unknown}
 m - a scroll of immolation {unknown}
Potions
 f - a potion of flight {unknown}
 i - 3 potions of curing {unknown}
 k - a potion of magic {unknown}


   Skills:
 + Level 4.5 Fighting
 + Level 0.8 Short Blades
 + Level 0.8 Long Blades
 + Level 0.8 Axes
 + Level 0.8 Maces & Flails
 + Level 4.5 Polearms
 + Level 0.8 Staves
 + Level 0.8 Slings
 + Level 0.8 Bows
 + Level 0.8 Crossbows
 + Level 2.6 Throwing
 + Level 2.6 Armour
 + Level 4.5 Dodging
 + Level 0.8 Stealth
 + Level 0.8 Shields
 + Level 0.8 Unarmed Combat
 + Level 5.0 Spellcasting
 + Level 0.5 Conjurations
 + Level 0.5 Hexes
 + Level 0.5 Summonings
 + Level 0.5 Necromancy
 + Level 5.4 Translocations
 + Level 0.5 Transmutations
 + Level 0.5 Fire Magic
 + Level 0.5 Ice Magic
 + Level 0.5 Air Magic
 + Level 0.5 Earth Magic
 + Level 0.5 Poison Magic
 + Level 1.0 Invocations
 + Level 0.8 Evocations


You had 10 spell levels left.
You knew the following spells:

 Your Spells              Type           Power      Damage    Failure   Level
a - Blink                 Tloc           48%        N/A       3%          2

Your spell library contained the following spells:

 Spells                   Type           Power      Damage    Failure   Level
 Gell's Gravitas          Tloc           24%        N/A       6%          3
 Lesser Beckoning         Tloc           24%        N/A       6%          3
 Teleport Other           Tloc           24%        N/A       6%          3
 Manifold Assault         Tloc           24%        N/A       52%         5


Dungeon Overview and Level Annotations

Branches:
Dungeon (3/15)

Altars:


Innate Abilities, Weirdness & Mutations

You have very sharp teeth.
Your uncanny sense of smell can sniff out nearby items.
Your experience applies equally to all skills.


Message History

Casting: Blink (safe; 3% risk of failure)
Confirm with . or Enter, or press ? or * to list all spells.
You feel a surge of power!
You blink.
The adder bites you but does no damage. The adder bites you.
* * * LOW HITPOINT WARNING * * *
Unknown command.
You miss the adder. Your bite misses the adder.
The adder is severely wounded.
The kobold hits you with a +0 club.
* * * LOW HITPOINT WARNING * * *
The adder closely misses you.
You miss the adder.
The adder is severely wounded.
The adder misses you. The kobold hits you but does no damage.
You closely miss the adder. Your punch misses the adder.
The adder is severely wounded.
The adder bites you but does no damage. The kobold hits you but does no damage.
You barely miss the adder.
The adder is severely wounded.
You feel stable enough to blink again. The adder bites you.
* * * LOW HITPOINT WARNING * * *
The kobold closely misses you.
Unknown command.
Casting: Blink (safe; 3% risk of failure)
Confirm with . or Enter, or press ? or * to list all spells.
You feel a surge of power!
You blink.
The adder misses you.
You closely miss the adder.
The adder is severely wounded.
The adder closely misses you.
You barely miss the adder.
The adder is severely wounded.
The kobold closely misses you. The adder bites you.
* * * LOW HITPOINT WARNING * * *
Unknown command.
The adder barely misses you.
There is a stone staircase leading down here.
You feel stable enough to blink again. The adder bites you.
You die...

...8.8# #####.#####......##..
#...### #.........÷.....####.
#8.8# ###.#####..###.....# ##
..### ###....## ##.###.....# #
.## #####...##.P♣# #.#....##.#
.####.....####≈≈≈###.#....##.# ##
......########PPP#........##.###.
.##########...≈≈≈......#####.....
..............♣≈@S.........#..###
....#########....K.#.####.....#
#...........................###
#######....#...####..####.###
#.......##.........###..#
###.#####.##.###...#.....## ....#
##....# ###....########## #####
#..##.# #...............#
####...#.# #.###...........#


You could see an adder and a kobold.

Vanquished Creatures
  2 dart slugs
  2 ball pythons
  3 bats
  4 giant cockroaches
  2 goblins (D:1)
  4 hobgoblins
  4 jackals (D:2)
  2 quokkas (D:1)
  A frilled lizard (D:1)
  3 kobolds
  2 rats (D:1)
29 creatures vanquished.

Notes
Turn   | Place    | Note
-------+----------+-------------------------------------------
     0 | D:1      | Ablot the Gnoll Warper began the quest for the Orb.
     0 | D:1      | Reached XP level 1. HP: 20/20 MP: 6/6
   226 | D:1      | Reached XP level 2. HP: 17/26 MP: 7/7
   965 | D:2      | Found a faded altar of an unknown god.
   970 | D:2      | Reached XP level 3. HP: 26/31 MP: 9/9
   973 | D:2      | Learned a level 2 spell: Blink
  1049 | D:2      | Reached skill level 5 in Spellcasting
  1229 | D:2      | Reached skill level 1 in Invocations
  1485 | D:2      | HP: 1/31 [adder (1)]
  1487 | D:2      | Slain by an adder

Illustrated notes

Levels and vault maps discovered:
D:1:      enne_arrival_octagon_isle, layout_loops_ring,
          kennysheep_decorative_pillar, st_stairs_3
D:2:      layout_rooms, ebering_ecumenical_altar_ruins, serial_bayou_pond_e
D:3:      layout_basic, grunt_ministairs_14

Skill      XL: |  1  2  3 |
---------------+----------+-----
Spellcasting   | 5 |  5.0
Invocations    | 1 |  1.0
Fighting       | |  4.5
Short Blades   | |  0.8
Long Blades    | |  0.8
Axes           | |  0.8
Maces & Flails | |  0.8
Polearms       | |  4.5
Staves         | |  0.8
Slings         | |  0.8
Bows           | |  0.8
Crossbows      | |  0.8
Throwing       | |  2.6
Armour         | |  2.6
Dodging        | |  4.5
Stealth        | |  0.8
Shields        | |  0.8
Unarmed Combat | |  0.8
Conjurations   | |  0.5
Hexes          | |  0.5
Summonings     | |  0.5
Necromancy     | |  0.5
Translocations | |  5.4
Transmutations | |  0.5
Fire Magic     | |  0.5
Ice Magic      | |  0.5
Air Magic      | |  0.5
Earth Magic    | |  0.5
Poison Magic   | |  0.5
Evocations     | |  0.8

Action                   || total
-------------------------++-------
Melee: Spear             ||   127
       Bite              ||     4
       Punch             ||     3
 Cast: Blink             ||     2
 Stab: Sleeping          ||     1
Armor: Leather armour    ||     3
       Robe              ||    16
Dodge: Dodged            ||    72
